[Event "Early-Titled-Tuesday-Blitz-September-26-2023"]
[Site "Chess.com"]
[Date "2023.09.26"]
[Round "3"]
[White "bubeliang"]
[Black "KamlaPasand"]
[Result "1-0"]
[WhiteElo "2630"]
[BlackElo "2425"]
[TimeControl "180+1"]
[EndTime "8:26:41 PDT"]
[Termination "bubeliang won by resignation"]

1. e4 e5 2. Nc3 Nc6 3. Bc4 Nf6 4. d3 Bc5 5. Nf3 h6 6. O-O d6 7. h3 O-O 8. Ne2 Ne7 9. c3 Ng6 10. b4 Bb6 11. a4 a6 12. a5 Ba7 13. Ng3 Be6 14.
Bxe6 fxe6 15. Qb3 Qd7 16. Be3 Bxe3 17. fxe3 Kh8 18. Kh2 Rf7 19. Rf2 Raf8 20. Raf1 d5 21. exd5 exd5 22. Nd2 Ng4+ 23. hxg4 Rxf2 24. Rxf2 Rxf2 25.
Nf3 Qxg4 26. Qxd5 Kh7 27. Qxb7 Nh4 28. Qe4+ Qxe4 29. Nxe4 Nxf3+ 30. Kg3 Rd2 31. Nxd2 Nxd2 32. b5 e4 33. bxa6 exd3 34. a7 Ne4+ 35. Kf3 Nxc3 36.
a8=Q d2 37. Qd8 d1=Q+ 38. Qxd1 Nxd1 39. a6 c5 40. a7 c4 41. a8=Q c3 42. Qe4+ Kg8 43.
Qe8+ Kh7 44. Qe4+ Kg8 45. Qc2 Nb2 46. Qxc3 Nd1 47. Qb3+ 1-0

[Event "Early-Titled-Tuesday-Blitz-September-26-2023"]
[Site "Chess.com"]
[Date "2023.09.26"]
[Round "3"]
[White "TERMINATOR_PC"]
[Black "Austen48"]
[Result "1-0"]
[WhiteElo "2552"]
[BlackElo "2311"]
[TimeControl "180+1"]
[EndTime "8:26:41 PDT"]
[Termination "TERMINATOR_PC won on time"]

1. e4 c5 2. Nf3 e6 3. d4 cxd4 4.
Nxd4 a6 5. Bd3 Qc7 6. Qe2 d6 7. O-O g6 8. c4 Bg7 9. Be3 Ne7 10. Nc3 O-O 11. Rac1 Nd7 12. Bb1 b6 13. b3 Bb7 14. f4 Rac8 15. Kh1 Qb8 16. f5 exf5 17. exf5 Nc6 18. Qf2 Nxd4 19. Bxd4 Bh6 20. Rce1 Rce8 21.
Qh4 Bd2 22. Rd1 Bxc3 23. Bxc3 Re2 24. Rg1 Qa8 25. Qh3 Ne5 26. Rxd6 Bxg2+ 27. Rxg2 Re8 28. Rd1 Rxg2 29. Qxg2 Nf3 30. fxg6 hxg6 31. Bxg6 Nh4 32. Be4+ 1-0

[Event "Early-Titled-Tuesday-Blitz-September-26-2023"]
[Site "Chess.com"]
[Date "2023.09.26"]
[Round "3"]
[White "ZuraTqebuchava"]
[Black "ATM622"]
[Result "0-1"]
[WhiteElo "2255"]
[BlackElo "2435"]
[TimeControl "180+1"]
[EndTime "8:26:41 PDT"]
[Termination "ATM622 won by checkmate"]

1. e4 c6 2. d4 d5 3. Nc3 dxe4 4.
Nxe4 Nf6 5. Nxf6+ exf6 6. Nf3 Bg4 7. Be2 Bd6 8. h3 Bh5 9. O-O O-O 10. Be3 Re8 11. Qd2 Nd7 12. c4 Nf8 13. d5 cxd5 14.
Qxd5 Be5 15. Nxe5 Qxd5 16. cxd5 Bxe2 17. Rfe1 Rxe5 18. Rxe2 Rxd5 19. Rc2 Ne6 20. Rac1 h5 21. Kf1 b6 22. h4 Kh7 23. g3 Kg6 24. Kg2 Kf5 25.
Rc4 Rad8 26. Ra4 R5d7 27. Rc6 Kg6 28. Rac4 Rd1 29. a4 Ra1 30. b3 f5 31. Rc2 Rd3 32. R6c3 Rdd1 33. Kf3 Rh1 34. Rc8 f4 35. Bxf4 Nd4+ 36.
Kg2 Rag1# 0-1

[Event "Early-Titled-Tuesday-Blitz-September-26-2023"]
[Site "Chess.com"]
[Date "2023.09.26"]
[Round "3"]
[White "Aswathchess"]
[Black "Daniel_Salinas"]
[Result "0-1"]
[WhiteElo "2598"]
[BlackElo "2424"]
[TimeControl "180+1"]
[EndTime "8:26:42 PDT"]
[Termination "Daniel_Salinas won by resignation"]

1. e4 c5 2. Nc3 e6 3. Nf3 Nc6 4. g3 Nf6 5. Bg2 d5 6. exd5 exd5 7.
O-O d4 8. Re1+ Be7 9. Ne2 O-O 10. d3 h6 11. Nf4 Bd6 12. a3 Re8 13. Bd2 Bd7 14.
Rxe8+ Qxe8 15. Qe1 g5 16. Ne2 Qe7 17. h4 g4 18. Nh2 Re8 19. Nf4 Qxe1+ 20. Rxe1 Rxe1+ 21. Bxe1 Bxf4 22. gxf4 h5 23. Nf1 b6 24. Ng3 Ne7 25.
Bd2 Ng6 26. f5 Nxh4 27. Bg5 Nxg2 28. Kxg2 Nd5 29. f6 Kh7 30. Nxh5 Kg6 31. Nf4+ Kxg5 32. Nxd5 Bc6 0-1

[Event "Early-Titled-Tuesday-Blitz-September-26-2023"]
[Site "Chess.com"]
[Date "2023.09.26"]
[Round "3"]
[White "Iskusnyh"]
[Black "Lennis93"]
[Result "1-0"]
[WhiteElo "2581"]
[BlackElo "2717"]
[TimeControl "180+1"]
[EndTime "8:26:44 PDT"]
[Termination "Iskusnyh won by resignation"]

1. d4 Nf6 2. c4 e6 3. g3 d5 4. Bg2 dxc4 5. Nf3 Nc6 6. O-O a6 7. e3 Rb8 8. Qe2 b5 9. b3 cxb3 10. axb3 Bd6 11. Bb2 Qe7 12. Rc1 Nb4 13. Ne5 Bxe5 14.
dxe5 Nfd5 15. Bd4 Bb7 16. Bc5 Qg5 17. f4 Qh6 18. e4 Nxf4 19. gxf4 Qxf4 20. Nd2 Nc6 21.
Nf3 Nxe5 22. Nxe5 Qxe5 23. b4 f6 24. Rd1 h5 25. Rac1 h4 26. h3 Rh5 27. Bd4 Qg5 28. Rc5 e5 29. Be3 Qg6 30. Bc1 Rc8 31. Kh1 Kf8 32.
Rd7 Qe8 33. Rdxc7 Rxc7 34. Rxc7 Ba8 35. Qc2 Bxe4 36. Bxe4 1-0

[Event "Early-Titled-Tuesday-Blitz-September-26-2023"]
[Site "Chess.com"]
[Date "2023.09.26"]
[Round "3"]
[White "YouShallNotPass001"]
[Black "kuba2006"]
[Result "1-0"]
[WhiteElo "2322"]
[BlackElo "2474"]
[TimeControl "180+1"]
[EndTime "8:26:47 PDT"]
[Termination "YouShallNotPass001 won by resignation"]

1. Nf3 Nf6 2. e3 d6 3. Be2 Nbd7 4. O-O e5 5. d4 Be7 6. c4 O-O 7. Nc3 c6 8. b4 e4 9. Nd2 d5 10. Qb3 Nb6 11. c5 Nbd7 12. a4 Re8 13. b5 Nf8 14. a5 a6 15. bxc6 bxc6 16. Na4 Be6 17. Nb6 Rb8 18.
Bxa6 Ng4 19. Be2 Qc7 20. f4 exf3 21. Nxf3 Ng6 22. h3 Nf6 23. a6 Qa7 24. Ng5 Ne4 25.
Nxe4 dxe4 26. Bc4 Bxc4 27. Qxc4 Bd8 28. Bd2 Bxb6 29. cxb6 Rxb6 30. Bb4 Rb5 31. Qxc6 Rbb8 32. Bc5 Qa8 33. Qd7 1-0

[Event "Early-Titled-Tuesday-Blitz-September-26-2023"]
[Site "Chess.com"]
[Date "2023.09.26"]
[Round "3"]
[White "hsd2016"]
[Black "AttilaTurzo"]
[Result "0-1"]
[WhiteElo "2276"]
[BlackElo "2477"]
[TimeControl "180+1"]
[EndTime "8:26:47 PDT"]
[Termination "AttilaTurzo won by resignation"]

1. d4 d5 2. c4 c6 3. Nc3 Nf6 4. Nf3 a6 5. e3 b5 6. c5 Bg4 7. a3 Nbd7 8. Bd3 e5 9. dxe5 Nxe5 10. Be2 Bxf3 11. Bxf3 Bxc5 12. O-O O-O 13. b4 Bd6 14.
Bb2 Qe7 15. Be2 a5 16. Qb3 axb4 17. axb4 Nc4 18. Nd1 Nxb2 19. Nxb2 Bxb4 20. Rfc1 Rxa1 21. Rxa1 Bd6 22. Ra6 Rc8 23. Nd3 Ne4 24. Qc2 Qc7 25. Nb2 Bxh2+ 26. Kf1 Bd6 27. Nd1 Qb7 28. Qa2 b4 29.
Ra7 Qb6 30. Ra6 Qb8 31. Bd3 Nc5 0-1

[Event "Early-Titled-Tuesday-Blitz-September-26-2023"]
[Site "Chess.com"]
[Date "2023.09.26"]
[Round "3"]
[White "Rutricks"]
[Black "Mystery2007"]
[Result "1-0"]
[WhiteElo "2694"]
[BlackElo "2499"]
[TimeControl "180+1"]
[EndTime "8:26:51 PDT"]
[Termination "Rutricks won by resignation"]

1. c4 e5 2. g3 c6 3. Bg2 d5 4.
Nf3 e4 5. Ng1 Nf6 6. cxd5 cxd5 7. Nc3 Nc6 8. d3 Bb4 9. a3 Bxc3+ 10. bxc3 O-O 11. Bh3 h6 12. Kf1 Re8 13. Kg2 Ne5 14.
Bf4 Ng6 15. Be3 Bxh3+ 16. Nxh3 Ng4 17. Bd4 f5 18. Qb3 Kh7 19. Qxb7 Re7 20. Qb2 Rb8 21. Qc2 Reb7 22. Rab1 Qa5 23. Rxb7 Rxb7 24. Rb1 Rxb1 25.
Qxb1 Qxa3 26. Qb7 Qe7 27. Qxd5 exd3 28. exd3 f4 29. Nxf4 Nxf4+ 30. gxf4 Qh4 31. h3 Nf6 32. Qf5+ Kh8 33. Bxf6 Qxf6 34. Qxf6 gxf6 35. Kf3 a5 36. Ke2 Kg7 37. Kd2 Kg6 38. c4 Kf5 39. d4 Kxf4 40. c5 Kf5 41. Kc3 Ke6 42. Kc4 f5 43. d5+ Kd7 44. Kb5 1-0

[Event "Early-Titled-Tuesday-Blitz-September-26-2023"]
[Site "Chess.com"]
[Date "2023.09.26"]
[Round "3"]
[White "EvgenyBurmakin"]
[Black "DefiantChair"]
[Result "1-0"]
[WhiteElo "2319"]
[BlackElo "2570"]
[TimeControl "180+1"]
[EndTime "8:26:52 PDT"]
[Termination "EvgenyBurmakin won by resignation"]

1. e4 c5 2. Nc3 d6 3. Nf3 Nf6 4. d4 cxd4 5. Nxd4 a6 6. Be3 e5 7. Nb3 Be7 8. f3 Be6 9. Qd2 h5 10.
O-O-O Nbd7 11. Nd5 Nxd5 12. exd5 Bf5 13. Bd3 Bxd3 14.
Qxd3 Rc8 15. Kb1 Qc7 16. Rhe1 O-O 17. g4 hxg4 18. fxg4 Nb6 19. h4 Nc4 20. Bc1 a5 21. g5 a4 22. Nd2 Nxd2+ 23. Bxd2 Qc4 24. Bc1 Qxd3 25. Rxd3 Rc4 26. h5 Rfc8 27. c3 Rh4 28. h6 g6 29. a3 b5 30. Rf1 Rc7 31. Rdf3 Bd8 32. Be3 Rh2 33. Bb6 e4 34. Bxc7 exf3 35. Bxd8 Rg2 36. Rxf3 Rd2 37. Bf6 Re2 38. Kc1 Kh7 39. Bd4 Re7 40. Rf6 Rd7 41. Kd2 Rd8 42.
Rxf7+ Kg8 43. Rg7+ Kf8 44. h7 1-0

[Event "Early-Titled-Tuesday-Blitz-September-26-2023"]
[Site "Chess.com"]
[Date "2023.09.26"]
[Round "3"]
[White "jasonbolivar"]
[Black "amylazy"]
[Result "0-1"]
[WhiteElo "2259"]
[BlackElo "2436"]
[TimeControl "180+1"]
[EndTime "8:26:52 PDT"]
[Termination "amylazy won on time"]

1. e4 c5 2. Nc3 g6 3. g4 Bg7 4.
Bg2 Nc6 5. d3 e6 6. Nh3 Nge7 7.
O-O d5 8. f4 dxe4 9. Nxe4 O-O 10.
g5 Nf5 11. Nhf2 Ncd4 12. Nxc5 Qb6 13. Nce4 Bd7 14. c3 Nb5 15. d4 Bc6 16. Ng4 Bxe4 17. Bxe4 Rad8 18. Bxf5 exf5 19. Ne5 Rfe8 20. Qf3 Bxe5 21.
fxe5 Rxe5 22. Kh1 Re4 23. Bf4 Rde8 24. Be5 Qc6 25. Kg1 Nd6 26. Qh3 R8xe5 27. dxe5 Rg4+ 28. Kf2 Ne4+ 29. Ke2 Qb5+ 0-1

[Event "Early-Titled-Tuesday-Blitz-September-26-2023"]
[Site "Chess.com"]
[Date "2023.09.26"]
[Round "3"]
[White "attack2mateU"]
[Black "newyorkmouse"]
[Result "1-0"]
[WhiteElo "2743"]
[BlackElo "2494"]
[TimeControl "180+1"]
[EndTime "8:26:54 PDT"]
[Termination "attack2mateU won on time"]

1. e4 c6 2. Nc3 g6 3. d4 Bg7 4. Be3 d5 5. e5 h5 6. Qd2 Nh6 7.
O-O-O Nf5 8. Bf4 Qa5 9. Nf3 b5 10. Kb1 Na6 11. Bd3 Nb4 12. Be2 Bd7 13. h3 Na6 14. Bd3 Nb4 15. Be2 Na6 16. Rde1 Nc7 17. g4 Nh6 18. gxh5 gxh5 19. Rhg1 Nf5 20. Nxd5 1-0

[Event "Early-Titled-Tuesday-Blitz-September-26-2023"]
[Site "Chess.com"]
[Date "2023.09.26"]
[Round "3"]
[White "bazar-wokzal"]
[Black "MikaelyanArman"]
[Result "0-1"]
[WhiteElo "2652"]
[BlackElo "2871"]
[TimeControl "180+1"]
[EndTime "8:26:55 PDT"]
[Termination "MikaelyanArman won by resignation"]

1. e4 e5 2. Bc4 Nc6 3. f4 Qh4+ 4. g3 Qd8 5. Nc3 Bc5 6. Nf3 d6 7. f5 g6 8. d3 Na5 9. Bg5 f6 10. Bxg8 Rxg8 11. Bxf6 Qxf6 12. Nd5 Qd8 13. b4 c6 14. bxc5 cxd5 15. cxd6 Qxd6 16. fxg6 hxg6 17. exd5 Qxd5 18. c4 Qc5 19. Qd2 Bg4 20. Ng5 O-O-O 21. Ne4 Qd4 22.
Rc1 Nc6 23. Rf1 Rgf8 24. c5 Rxf1+ 25. Kxf1 Qxe4 0-1

[Event "Early-Titled-Tuesday-Blitz-September-26-2023"]
[Site "Chess.com"]
[Date "2023.09.26"]
[Round "3"]
[White "angryspacevoid"]
[Black "BlueWizzard"]
[Result "0-1"]
[WhiteElo "2526"]
[BlackElo "2918"]
[TimeControl "180+1"]
[EndTime "8:26:55 PDT"]
[Termination "BlueWizzard won on time"]

1. e4 g6 2. d4 d5 3. exd5 Qxd5 4. Nc3 Qd8 5. h4 Bg7 6. Be3 Nh6 7. Nf3 Bg4 8. Qd2 Nf5 9. Be2 Nc6 10. O-O-O h5 11.
Ng5 Bxe2 12. Qxe2 Ncxd4 13. Qc4 e6 14. Nb5 c5 15. Bxd4 Bxd4 16. c3 a6 17. Na3 b5 18.
Qe2 b4 19. Nc2 bxc3 20. bxc3 Qb6 21. cxd4 cxd4 22. Qd3 Rc8 23. Kd2 Rc3 24. Qe4 Qa5 25. Ke2 d3+ 26. Rxd3 Rxc2+ 27. Kf3 O-O 28. Rhd1 Qxa2 0-1

[Event "Early-Titled-Tuesday-Blitz-September-26-2023"]
[Site "Chess.com"]
[Date "2023.09.26"]
[Round "3"]
[White "GoltsevDmitry2000"]
[Black "MasterKroket"]
[Result "1/2-1/2"]
[WhiteElo "2611"]
[BlackElo "2422"]
[TimeControl "180+1"]
[EndTime "8:26:55 PDT"]
[Termination "Game drawn by agreement"]

1. e4 e5 2. Nf3 Nc6 3. Bb5 a6 4.
Ba4 Nf6 5. O-O Be7 6. Re1 b5 7. Bb3 O-O 8. c3 d6 9. d4 Bg4 10. d5 Nb8 11. h3 Bh5 12. Bg5 Nbd7 13. Nbd2 Ne8 14. Be3 Bg6 15. Bc2 c5 16. dxc6 Nb8 17. a4 Nxc6 18. Qe2 b4 19. Nc4 Rb8 20. Red1 Qc7 21. a5 bxc3 22. bxc3 f6 23. Bb6 Qc8 24. Nh4 Bf7 25. Nf5 Be6 26. Ncxd6 Nxd6 27. Nxd6 Bxd6 28. Rxd6 Ne7 29. Bd3 Qxc3 30. Rd1 Bb3 31. Rb1 Bf7 32. Bxa6 Ng6 33. Qd3 Qxd3 34. Bxd3 Nf4 35. Kf1 Nxd3 36. Rxd3 Bc4 37. Rd1 Rfc8 38. Ke1 Bxd3 39. Rxd3 Rc1+ 40. Kd2 Ra1 41. Rd7 Ra8 42. Ke3 h5 43. Kf3 R1xa5 44. Bxa5 Rxa5 45. Kg3 Kh7 46. Kh4 Kg6 47. f3 Ra2 48. Kg3 Ra3 49. h4 Rb3 50. Ra7 Rc3 51. Rb7 Rd3 52. Rc7 Rb3 53. Kf2 Ra3 54. Rc2 Rb3 55.
Ra2 Rc3 56. Re2 Rb3 57. Re3 Rb2+ 58. Re2 Rb3 59. g3 Ra3 60. Re3 Ra2+ 61. Re2 Ra3 62. Rd2 Rb3 63. Ke2 Ra3 64. Rd3 Ra2+ 65. Rd2 Ra3 1/2-1/2

[Event "Early-Titled-Tuesday-Blitz-September-26-2023"]
[Site "Chess.com"]
[Date "2023.09.26"]
[Round "3"]
[White "HanSchut"]
[Black "PattyCastillo"]
[Result "1-0"]
[WhiteElo "2333"]
[BlackElo "1881"]
[TimeControl "180+1"]
[EndTime "8:26:55 PDT"]
[Termination "HanSchut won by resignation"]

1. e4 c5 2. Nf3 d6 3. d4 cxd4 4. Nxd4 Nf6 5. f3 a6 6. c4 e5 7. Nc2 Be6 8. Nc3 Nbd7 9. b3 Rc8 10. Be3 Qa5 11. Qd2 Be7 12. Rc1 b5 13. b4 Qd8 14.
cxb5 axb5 15. Nxb5 d5 16. Na7 Ra8 17. Nc6 Qc8 18.
Nxe7 Kxe7 19. Nd4 Qb7 20. Nxe6 fxe6 21. exd5 Nxd5 22. Bg5+ N7f6 23. Be2 Rhc8 24. b5 Rxc1+ 25. Qxc1 Rxa2 26. Qc5+ Kf7 27. Kf2 h6 28. Bxf6 gxf6 29. Rc1 Nf4 30. Rc2 Qd5 31. Qxd5 exd5 32. Rxa2 1-0

[Event "Early-Titled-Tuesday-Blitz-September-26-2023"]
[Site "Chess.com"]
[Date "2023.09.26"]
[Round "3"]
[White "UK_23"]
[Black "GianmarcoVaR"]
[Result "0-1"]
[WhiteElo "2412"]
[BlackElo "2619"]
[TimeControl "180+1"]
[EndTime "8:26:57 PDT"]
[Termination "GianmarcoVaR won by resignation"]

1. e4 c5 2. Nf3 d6 3. d4 cxd4 4. Qxd4 Nf6 5. Be2 g6 6. h3 Bg7 7.
Qe3 O-O 8. O-O d5 9. e5 Nfd7 10.
Nc3 e6 11. Re1 Nc6 12. Bb5 Ndxe5 13. Nxe5 Nxe5 14. Qg3 Qb6 15. Bf4 Nc6 16. a4 a6 17.
Bxc6 bxc6 18. Be5 f6 19. Bd6 Re8 20. b4 e5 21. a5 Qb7 22. Na4 Bf5 23. c4 Rad8 24.
c5 Qxb4 25. Nb6 Rxd6 26. cxd6 Qxd6 27. Rac1 c5 28. Qa3 Bf8 29. Red1 Be6 30. Qa4 Rd8 31.
Rb1 Qc7 32. Qh4 Kg7 33. g4 c4 34. Rbc1 d4 35. g5 f5 36. f4 e4 37. Qg3 d3 0-1

[Event "Early-Titled-Tuesday-Blitz-September-26-2023"]
[Site "Chess.com"]
[Date "2023.09.26"]
[Round "3"]
[White "MKlose11"]
[Black "Noki102"]
[Result "1-0"]
[WhiteElo "2616"]
[BlackElo "2410"]
[TimeControl "180+1"]
[EndTime "8:26:58 PDT"]
[Termination "MKlose11 won by resignation"]

1. e4 e5 2. Nf3 Nc6 3. d4 exd4 4.
Bc4 Nf6 5. O-O Nxe4 6. Re1 d5 7. Bxd5 Qxd5 8. Nc3 Qd7 9. Rxe4+ Be7 10. Nxd4 f5 11. Rf4 O-O 12. Nxc6 Qxc6 13. Qd5+ Qxd5 14. Nxd5 Bd6 15.
Rd4 c6 16. Bf4 Bc5 17. Rc4 Bxf2+ 18. Kxf2 cxd5 19. Rc7 Rf7 20. Re1 Rxc7 21. Bxc7 Bd7 22. Re7 Be8 23. Be5 Bf7 24. Rxb7 h6 25. b4 a6 26. a4 Re8 27. Bd4 Re4 28. c3 Be8 29. b5 axb5 30. axb5 g5 31. b6 Bb5 32. Rg7+ Kf8 33.
b7 Re8 34. Rh7 Re2+ 35. Kf3 1-0

[Event "Early-Titled-Tuesday-Blitz-September-26-2023"]
[Site "Chess.com"]
[Date "2023.09.26"]
[Round "3"]
[White "chesslh19"]
[Black "CMmauricio"]
[Result "1-0"]
[WhiteElo "2338"]
[BlackElo "2554"]
[TimeControl "180+1"]
[EndTime "8:26:58 PDT"]
[Termination "chesslh19 won by resignation"]

1. e4 e6 2. d4 d5 3. Nd2 Nf6 4. e5 Nfd7 5. Bd3 c5 6. c3 Nc6 7. Ne2 cxd4 8. cxd4 f6 9. exf6 Nxf6 10. O-O Bd6 11.
Nf3 Qc7 12. g3 O-O 13. Bf4 Bd7 14. Rc1 Rae8 15. Bxd6 Qxd6 16. Nc3 a6 17. Re1 Qb4 18. Rc2 g6 19. a3 Qb6 20. Rd2 Nxd4 21. Nxd4 Qxd4 22.
Bxg6 Qb6 23. Bxe8 Bxe8 24. Qe2 Bd7 25. Qe3 Qc6 26. f3 Ne8 27. Qg5+ Ng7 28. Ne2 Rxf3 29.
Nd4 Qc5 30. Qd8+ Be8 31. Rf1 Rxf1+ 32. Kxf1 Qf8+ 33. Kg1 Qf6 34. Qxf6 1-0

[Event "Early-Titled-Tuesday-Blitz-September-26-2023"]
[Site "Chess.com"]
[Date "2023.09.26"]
[Round "3"]
[White "GMTalks_Youtube"]
[Black "zajka-molotok"]
[Result "1-0"]
[WhiteElo "2763"]
[BlackElo "2541"]
[TimeControl "180+1"]
[EndTime "8:27:03 PDT"]
[Termination "GMTalks_Youtube won by resignation"]

1. e4 c6 2. Nf3 d5 3. d3 Qc7 4. g3 dxe4 5. dxe4 e5 6. Bg2 Nf6 7. O-O Bc5 8. Nbd2 O-O 9. h3 Re8 10. Re1 Nbd7 11. a4 a5 12. Nb3 Bb6 13. Bg5 h6 14. Bd2 Nc5 15. Nxc5 Bxc5 16. Nh4 Qb6 17. Qf3 Nh7 18. b3 Be6 19. Nf5 Rad8 20. Re2 Ng5 21. Bxg5 hxg5 22. Qh5 Bxf5 23. exf5 Be7 24. Be4 Bf6 25.
Rae1 Rd4 26. Bd3 Red8 27. Bc4 Qc7 28. Kg2 Rd1 29. Rxd1 Rxd1 30. Rxe5 Qxe5 31. Qxf7+ Kh7 32. Qg8+ 1-0

[Event "Early-Titled-Tuesday-Blitz-September-26-2023"]
[Site "Chess.com"]
[Date "2023.09.26"]
[Round "3"]
[White "Elaisaz"]
[Black "AndrewB92"]
[Result "0-1"]
[WhiteElo "2148"]
[BlackElo "2373"]
[TimeControl "180+1"]
[EndTime "8:27:06 PDT"]
[Termination "AndrewB92 won by resignation"]

1. Nf3 d5 2. g3 Nf6 3. Bg2 Bf5 4. O-O e6 5. d3 Be7 6. Nc3 Nbd7 7. Nd2 c6 8. e4 Bg6 9. Nb3 O-O 10. f4 dxe4 11.
dxe4 Nc5 12. Qe2 Bh5 13. Qf2 Ng4 14. Qd4 Nxb3 15. Qxd8 Rfxd8 16. axb3 Bc5+ 17. Kh1 Nf2+ 18. Kg1 Nxe4+ 19. Kh1 Nf2+ 20. Kg1 Ng4+ 21. Kh1 Bg6 22. Bf3 h5 23. Ne4 Bxe4 24. Bxe4 Nf2+ 0-1

[Event "Early-Titled-Tuesday-Blitz-September-26-2023"]
[Site "Chess.com"]
[Date "2023.09.26"]
[Round "3"]
[White "jjlai1111"]
[Black "maurovargas01"]
[Result "1-0"]
[WhiteElo "2335"]
[BlackElo "1885"]
[TimeControl "180+1"]
[EndTime "8:27:06 PDT"]
[Termination "jjlai1111 won on time"]

1. Nf3 Nc6 2. c4 e5 3. d3 f5 4.
Nc3 Nf6 5. g3 Bb4 6. Bd2 O-O 7. a3 Bxc3 8. Bxc3 d6 9. Bg2 Qe8 10.
O-O Qh5 11. d4 e4 12. Nd2 Ng4 13. h3 Nf6 14. e3 Bd7 15. b4 Rae8 16. Re1 Qh6 17.
c5 f4 18. exf4 Bxh3 19. Nxe4 Rxe4 20. Bxe4 Ng4 21. Qf3 dxc5 22. bxc5 1-0

[Event "Early-Titled-Tuesday-Blitz-September-26-2023"]
[Site "Chess.com"]
[Date "2023.09.26"]
[Round "3"]
[White "rezamahdavi2008"]
[Black "wqws"]
[Result "1-0"]
[WhiteElo "2874"]
[BlackElo "2657"]
[TimeControl "180+1"]
[EndTime "8:27:12 PDT"]
[Termination "rezamahdavi2008 won by resignation"]

1. e4 c5 2. Nf3 d6 3. d4 cxd4 4. Nxd4 Nf6 5. Nc3 a6 6. h3 e5 7.
Nf3 Be7 8. g4 Be6 9. Ng5 O-O 10.
Nxe6 fxe6 11. g5 Ne8 12. Bc4 Nc7 13. Qg4 Qd7 14. a4 Nc6 15. Nd5 Kh8 16. Nb6 Qe8 17.
Nxa8 Qxa8 18. Bxe6 Nd4 19. Bb3 Nf3+ 20. Kd1 d5 21.
exd5 Nd4 22. Be3 Nxb3 23. cxb3 Nxd5 24. Ke2 Nf4+ 25. Kf1 b5 26. Kg1 Qe4 27. Kh2 b4 28.
Rac1 h5 29. gxh6 gxh6 30. Rhg1 Bg5 31. Rc7 Qd5 32. Qd7 Qxd7 33. Rxd7 Ne6 34. Bxg5 Nxg5 35. Kg2 Nf3 36. Rgd1 Nd4 37. Rd5 Nxb3 38. Rxe5 Rg8+ 39. Kh2 Rf8 40. Kg1 Rf4 41. Re7 Nd4 42. Kg2 Kg8 43.
Kg3 Ne2+ 44. Rxe2 1-0

[Event "Early-Titled-Tuesday-Blitz-September-26-2023"]
[Site "Chess.com"]
[Date "2023.09.26"]
[Round "3"]
[White "enestnrvrd"]
[Black "Mr_ruthless"]
[Result "0-1"]
[WhiteElo "2645"]
[BlackElo "2482"]
[TimeControl "180+1"]
[EndTime "8:27:12 PDT"]
[Termination "Mr_ruthless won by checkmate"]

1. e4 e5 2. Nf3 Nc6 3. Bc4 Nf6 4. d3 Be7 5. O-O O-O 6. a4 d5 7. exd5 Nxd5 8. Re1 Bg4 9. h3 Bh5 10. Nbd2 Kh8 11. Nf1 f6 12. Ng3 Bf7 13. Nh4 Re8 14. Nhf5 Bf8 15. c3 g6 16. Nh6 Be6 17. Qf3 Bg7 18. Ne4 Qe7 19. b4 a6 20. Nc5 Rad8 21. Nxb7 Rb8 22. Nc5 Rbd8 23. Ng4 f5 24. Ne3 Nxe3 25.
Bxe3 Bxc4 26. Qxc6 Bxd3 27. Nxd3 Rxd3 28. Qxa6 Rxc3 29. a5 e4 30. Bc5 Rxc5 31. bxc5 Bxa1 32. Rxa1 Qxc5 33. Qf6+ Kg8 34. Rd1 e3 35. Rd7 exf2+ 36.
Kh2 Qe5+ 37. Qxe5 Rxe5 38. a6 f1=Q 39. a7 Qf4+ 40. g3 Qf2+ 41. Kh1 Re1# 0-1

[Event "Early-Titled-Tuesday-Blitz-September-26-2023"]
[Site "Chess.com"]
[Date "2023.09.26"]
[Round "3"]
[White "ploxoi"]
[Black "jk13"]
[Result "0-1"]
[WhiteElo "2422"]
[BlackElo "2625"]
[TimeControl "180+1"]
[EndTime "8:27:12 PDT"]
[Termination "jk13 won by resignation"]

1. d4 Nf6 2. c4 e6 3. g3 Bb4+ 4. Bd2 Bxd2+ 5. Qxd2 O-O 6. Bg2 d5 7. Nf3 c6 8. O-O Nbd7 9. Rc1 b6 10. Qf4 Bb7 11. Nbd2 c5 12. Ne5 Rc8 13. h3 h6 14.
Bf3 Qe7 15. Nb3 Rfd8 16. Nxd7 Rxd7 17. dxc5 bxc5 18. cxd5 exd5 19. Qa4 Ba8 20. Nd4 Rdc7 21. Nb5 Bc6 22. Qa5 Rd7 23. Rd1 Rb7 24. a4 d4 25.
Bxc6 Rxc6 26. Rac1 Qxe2 27. Qd8+ Kh7 28. Rxd4 cxd4 29. Rxc6 Qe1+ 30. Kg2 Qe4+ 31. Kh2 Qxc6 32. Qxd4 Rd7 33. Qf4 Qe4 34. Qc1 Qf3 35. Qc2+ g6 36.
h4 Rd1 0-1

[Event "Early-Titled-Tuesday-Blitz-September-26-2023"]
[Site "Chess.com"]
[Date "2023.09.26"]
[Round "3"]
[White "Kostukov_Alex"]
[Black "AlexPapasimakopoulos"]
[Result "0-1"]
[WhiteElo "2386"]
[BlackElo "2741"]
[TimeControl "180+1"]
[EndTime "8:27:13 PDT"]
[Termination "AlexPapasimakopoulos won on time"]

1. g3 d5 2. Bg2 c6 3. d3 Bg4 4. h3 Bh5 5. g4 Bg6 6. f4 e6 7. Nf3 Nd7 8. Nc3 Bc5 9. e4 h5 10. f5 hxg4 11. hxg4 Rxh1+ 12. Bxh1 dxe4 13. dxe4 exf5 14.
exf5 Qe7+ 15. Qe2 Bh7 16. Ng5 Ngf6 17. Nxh7 Nxh7 18. Qxe7+ Kxe7 19. Bf4 Bb4 20. O-O-O Bxc3 21. bxc3 Re8 22. Bc7 f6 23. Be4 Ng5 24. Bd3 Nf7 25. Bc4 Nde5 26. Bd6+ Nxd6 0-1

[Event "Early-Titled-Tuesday-Blitz-September-26-2023"]
[Site "Chess.com"]
[Date "2023.09.26"]
[Round "3"]
[White "artin10862"]
[Black "goodluck06"]
[Result "1-0"]
[WhiteElo "2897"]
[BlackElo "2663"]
[TimeControl "180+1"]
[EndTime "8:27:18 PDT"]
[Termination "artin10862 won by resignation"]

1. c4 e6 2. Nf3 d5 3. d4 Nf6 4.
Nc3 c6 5. cxd5 exd5 6. Qc2 Bd6 7. Bg5 h6 8. Bxf6 Qxf6 9. Nxd5 Qf5 10. Qxf5 Bxf5 11.
Nc3 O-O 12. e3 c5 13. Rd1 Nc6 14. Bd3 Bg4 15. Ne4 Be7 16. Nxc5 Nb4 17. Bb1 Rac8 18. Nxb7 Nc2+ 19. Kd2 Bb4+ 20. Kd3 Bd7 21. Nc5 Bf5+ 22. e4 Bxc5 23. Bxc2 Bd7 24. dxc5 Rxc5 25. Bb3 Bb5+ 26. Ke3 a5 27. Rc1 1-0

[Event "Early-Titled-Tuesday-Blitz-September-26-2023"]
[Site "Chess.com"]
[Date "2023.09.26"]
[Round "3"]
[White "Er_is_geen_hoop_meer"]
[Black "Witik"]
[Result "0-1"]
[WhiteElo "2447"]
[BlackElo "2751"]
[TimeControl "180+1"]
[EndTime "8:27:19 PDT"]
[Termination "Witik won by resignation"]

1. g3 e5 2. Bg2 d5 3. d3 Nf6 4.
Nd2 c6 5. e4 Bd6 6. Ne2 O-O 7.
O-O Re8 8. h3 Nbd7 9. c3 b6 10.
Qc2 Ba6 11. Re1 Nc5 12. c4 dxe4 13. Nxe4 Nfxe4 14. dxe4 Qc7 15. Be3 Ne6 16. Rad1 Bc5 17. h4 Rad8 18. Bh3 Bxe3 19. fxe3 Bc8 20. Bxe6 Bxe6 21.
c5 Bg4 22. Rxd8 Rxd8 23. Rd1 h5 24. Rxd8+ Qxd8 25. cxb6 axb6 26. Nc3 Qf6 27. Qf2 Qd6 28. Qc2 Qc5 29. Kf2 b5 30. a3 Qc4 31. b3 Qc5 32. Qb2 Qd6 33. a4 b4 34. Na2 Qd1 35.
Nxb4 Qf3+ 36. Ke1 Qxe3+ 37. Kf1 Bh3+ 0-1

[Event "Early-Titled-Tuesday-Blitz-September-26-2023"]
[Site "Chess.com"]
[Date "2023.09.26"]
[Round "3"]
[White "DonJuanEGenaro"]
[Black "blitzking1729"]
[Result "0-1"]
[WhiteElo "1859"]
[BlackElo "2762"]
[TimeControl "180+1"]
[EndTime "8:27:21 PDT"]
[Termination "blitzking1729 won by checkmate"]

1. Nf3 c5 2. c3 Nc6 3. d4 d5 4. Bf4 Nf6 5. e3 e6 6. a3 Nh5 7. Bg5 f6 8. Bh4 g6 9. g4 Ng7 10. b4 c4 11. Nbd2 Be7 12. Bg3 h5 13. Nh4 Kf7 14.
e4 f5 15. exf5 Bxh4 16. fxg6+ Kxg6 17. Nf3 Bxg3 18. fxg3 hxg4 19. Nh4+ Rxh4 20. gxh4 Qxh4+ 21. Kd2 e5 22. Qe2 Be6 23. dxe5 Rf8 24. Kc1 Rf2 25. Qe3 Qg5 26. Qxg5+ Kxg5 27. h4+ Kh5 28. Kd1 Nxe5 29. Be2 Nf5 30. Ra2 Ng3 31. Bxg4+ Bxg4+ 32. Ke1 Nd3# 0-1